 Dungeon Crawl Stone Soup version 0.22-a0-348-gd16d139 (webtiles) character file.

35 rz the Poker (level 3, -8/28 HPs)
             Began as a Merfolk Skald on Apr 10, 2018.
             Mangled by Sigmund
             ... wielding a +0 scythe
              (11 damage)
             ... on level 2 of the Dungeon.
             The game lasted 00:01:58 (2101 turns).

rz the Poker (Merfolk Skald)                        Turns: 2101, Time: 00:01:59

Health: -8/28      AC:  3    Str: 11    XL:     3   Next: 33%
Magic:  5/6        EV: 13    Int: 12    God:
Gold:   109        SH:  0    Dex: 14    Spells: 3/6 levels left

rFire    . . .     SeeInvis .   a - +0 spear
rCold    . . .     Gourm    .   (no shield)
rNeg     . . .     Faith    .   b - +0 leather armour
rPois    .         Spirit   .   (no helmet)
rElec    .         Reflect  .   (no cloak)
rCorr    .         Harm     .   (no gloves)
MR       .....                  (no boots)
Stlth    +.........             (no amulet)
HPRegen  0.09/turn              (no ring)
MPRegen  0.10/turn              (no ring)

@: confused
A: change form in water, swift swim, stealthy swim
a: no special abilities


You were on level 2 of the Dungeon.
You were very hungry.

You visited 1 branch of the dungeon, and saw 2 of its levels.

You collected 109 gold pieces.

Inventory:

Hand Weapons
 a - a +0 spear (weapon)
Armour
 b - a +0 leather armour (worn)
Scrolls
 c - a scroll of enchant armour {unknown}
 i - a scroll of remove curse {unknown}
 k - a scroll of fog {unknown}
Potions
 e - a potion of curing {unknown}
 f - a potion of heal wounds {unknown}
 g - a potion of haste {unknown}
 h - a potion of mutation {unknown}
 l - a potion of brilliance {unknown}
Comestibles
 d - 5 rations


   Skills:
 + Level 2.7 Fighting
 * Level 4.3 Polearms
 - Level 0.6 Armour
 + Level 3.3 Dodging
 - Level 2.0 Spellcasting
 - Level 3.2 Charms


You had 3 spell levels left.
You knew the following spells:

 Your Spells              Type           Power        Failure   Level  Hunger
a - Infusion              Chrm           #...         10%         1    ##.....
b - Shroud of Golubria    Chrm/Tloc      #.........   28%         2    ###....


Dungeon Overview and Level Annotations

Branches:
Dungeon (2/15)

Altars:

Annotations:
D:2 Sigmund


Message History

Sigmund gestures wildly while chanting.
Sigmund flickers and vanishes!
The rat bites you but does no damage.
You hit something.
You hear some strange, mumbled words.
You are confused.
The rat misses you.
You hit the rat but do no damage.
Your shroud begins to fray at the edges.
Something hits you.
Your shroud bends the rat's attack away.
You're too confused to move!
The rat misses you. The rat barely misses you.
You closely miss something.
You hear some strange, mumbled words.
A magic dart appears from out of thin air!
The magic dart hits you! The rat bites you.
Your shroud bends the rat's attack away.
Something hits you!
* * * LOW HITPOINT WARNING * * *
Something hits you!
You die...

##.###.##.##..# #.#...
......##.##..####.....
#..##.##.##......##...
#..##.##.##..###.##...
#.####..##.##.##......##...
...........##.....###.##...
...##.<............#.##...
........r{r................
#.#.##.#..@##.........##...
# #.##..##.#.#.#.####...
...##.##..##.#.#.#.####...
..........................
..###.###.##.#.#.#.####...
#. #..#.#.#.#.# #...
#..#.#.#.#.####...
#.................
#.#.##.#.#.####...


You could see 2 rats.

Vanquished Creatures
  An ooze (D:2)
  A dart slug (D:1)
  A leopard gecko (D:2)
  2 bats (D:2)
  A giant cockroach (D:1)
  A goblin (D:1)
  4 hobgoblins
  4 jackals (D:2)
  4 frilled lizards
  4 kobolds
  4 rats
27 creatures vanquished.

Notes
Turn   | Place    | Note
-------+----------+-------------------------------------------
     0 | D:1      | rz the Merfolk Skald began the quest for the Orb.
     0 | D:1      | Reached XP level 1. HP: 16/16 MP: 3/3
   121 | D:1      | Reached XP level 2. HP: 14/23 MP: 5/5
  1062 | D:2      | Reached skill level 4 in Polearms
  1408 | D:2      | Reached XP level 3. HP: 28/28 MP: 6/6
  1412 | D:2      | Learned a level 2 spell: Shroud of Golubria
  1784 | D:2      | Noticed Sigmund
  1795 | D:2      | HP: 1/28 [Sigmund/scythe (16)]
  2101 | D:2      | Mangled by Sigmund

Vault maps used:
D:1:      minmay_arrival_up_and_down
D:2:      first_ration, amethyst_killhole, uniq_terence, uniq_sigmund

Skill      XL: |  1  2 |
---------------+-------+-----
Dodging        | 3 |  3.3
Polearms       | 4 |  4.3
Fighting       | |  2.7
Armour         | |  0.6
Spellcasting   | |  2.0
Charms         | |  3.2

Action                   || total
-------------------------++-------
Melee: Spear             ||   142
 Cast: Shroud of Golubri ||     1
 Stab: Sleeping          ||     1
       Distracted        ||     1
  Eat: Chunk             ||     3
Armor: Leather armour    ||    24
Dodge: Dodged            ||    59

Table legend:
 A = Spawn XP
 B = Non-spawn XP
 C = Spawn XP percentage of total XP
 D = Spawn monster count
 E = Non-spawn monster count
 F = Spawn count percentage of total count
 G = Total turns spent on level
                    A         B        C        D         E        F      G
               +---------+---------+-------+---------+---------+-------+---------
         Total |       0 |      50 |   0.0 |       0 |      27 |   0.0 |  2101
               +---------+---------+-------+---------+---------+-------+---------
           D:1 |       0 |      21 |   0.0 |       0 |      14 |   0.0 |  1297
           D:2 |       0 |      29 |   0.0 |       0 |      13 |   0.0 |   804
               +---------+---------+-------+---------+---------+-------+---------
